 Dungeon Crawl Stone Soup version 0.31-a0-986-g5e6e4ef867 (webtiles) character file.

Game seed: 3078619542065242793

102 Iich the Trooper (level 4, 0/37 HPs)
             Began as a Demonspawn Fighter on Nov 20, 2023.
             Slain by a gnoll
             ... wielding a +1 spear of freezing
             ... led by a gnoll bouda
              (1 damage)
             ... on level 4 of the Dungeon.
             The game lasted 00:03:52 (1260 turns).

Iich the Trooper (Demonspawn Fighter)               Turns: 1260, Time: 00:03:52

Health: 0/37       AC: 13    Str: 18    XL:     4   Next: 49%
Magic:  4/4        EV:  5    Int: 10    God:
Gold:   82         SH:  4    Dex: 12    Spells: 3/3 levels left

rFire   . . .        a - +0 war axe
rCold   . . .        c - +0 buckler
rNeg    . . .        l - +0 plate armour
rPois   .            (no helmet)
rElec   .            (no cloak)
rCorr   +            (no gloves)
SInv    .            (no boots)
Will    .....        (no amulet) Stlth
                     C - ring of resist corrosion
HPRegen 0.26/turn    n - ring of flight
MPRegen 0.09/turn

%: no passive effects
@: flying
A: powered by death 1, sharp scales 2
a: no special abilities


You were on level 4 of the Dungeon.
You visited 1 branch of the dungeon, and saw 4 of its levels.

You collected 82 gold pieces.

Inventory:

Hand Weapons
 a - a +0 war axe (weapon)
Armour
 b - a +0 scale mail
 c - a +0 buckler (worn)
 f - a +0 chain mail
 l - a +0 plate armour (worn)
Jewellery
 m - a ring of ice
 n - a ring of flight (right hand)
 C - a ring of resist corrosion (left hand)
Wands
 p - a wand of iceblast (9)
Scrolls
 j - a scroll of poison {unknown}
 k - a scroll of immolation {unknown}
 o - a scroll of teleportation {unknown}
Potions
 d - a potion of enlightenment {unknown}
 e - a potion of attraction {unknown}
 g - a potion of heal wounds {unknown}
 h - a potion of curing {unknown}
 i - a potion of brilliance


   Skills:
 + Level 3.7 Fighting
 + Level 2.5 Axes
 + Level 3.2 Armour
 + Level 1.7 Dodging
 - Level 2.6 Shields


You had 3 spell levels left.
You didn't know any spells.
Your spell library contained the following spells:

 Spells                   Type           Power      Damage    Failure   Level
 Sandblast                Erth           0%         2d4       100%        1
 Passwall                 Tmut/Erth      0%         N/A       100%        2
 Stone Arrow              Conj/Erth      0%         3d7       100%        3
 Animate Armour           Summ/Erth      0%         N/A       100%        4
 Brom's Barrelling Bould  Conj/Erth      0%         2d3       100%        4
 Summon Lightning Spire   Summ/Air       0%         N/A       100%        4
 Lee's Rapid Deconstruct  Erth           0%         3d4*      100%        5


Dungeon Overview and Level Annotations

Branches:
Dungeon (4/15)             Temple (0/1) D:4

Altars:


Innate Abilities, Weirdness & Mutations

You regenerate a little health from kills.
You are mostly covered in razor-sharp scales. (AC +2, Slay +2)


Message History

You slash the gnoll!
The gnoll is almost dead.
You hit the kobold. You miss the adder. You hit the gnoll.
You block the gnoll's attack. You block the adder's attack.
The gnoll hits you with a +0 flail.
* * * LOW HITPOINT WARNING * * *
The gnoll completely misses you. The kobold hits you but does no damage.
The gnoll hits you with a +0 flail!
* * * LOW HITPOINT WARNING * * *
The adder bites you but does no damage.
You take 11 damage, and have 15/37 hp. !!!!--MASSIVE DAMAGE--!!!!
The kobold hits you with a +0 short sword.
* * * LOW HITPOINT WARNING * * *
You take 4 damage, and have 11/37 hp.
Your attacks no longer feel as feeble.
The orc barely misses you.
The gnoll bouda gazes fiercely through you!
You feel your attacks grow feeble. The gnoll barely misses you. x2
The gnoll attacks as it pursues you! The gnoll hits you but does no damage.
The orc attacks as it pursues you! The orc hits you but does no damage.
Found a staircase to the Ecumenical Temple.
The gnoll attacks as it pursues you! The gnoll barely misses you. x2
The gnoll barely misses you. The adder bites you but does no damage.
The gnoll attacks as it pursues you! The gnoll barely misses you.
The adder attacks as it pursues you! The adder bites you but does no damage.
Your attacks no longer feel as feeble.
The gnoll attacks as it pursues you!
The gnoll hits you but does no damage. x2
The gnoll hits you from afar with a +1 spear of freezing.
* * * LOW HITPOINT WARNING * * *
The gnoll freezes you.
* * * LOW HITPOINT WARNING * * *
You take 8 damage, and have 5/37 hp. !!!!--MASSIVE DAMAGE--!!!!
Okay, then.
The adder attacks as it pursues you! The adder bites you but does no damage.
The gnoll attacks as it pursues you!
The gnoll hits you from afar with a +1 spear of freezing.
* * * LOW HITPOINT WARNING * * *
The gnoll freezes you.
You die...

..........##.#.#
...........#.#.# ..
...?.....#.#.#.# ...
.......g.#...#.##...
........o##....#....
........g.##.....# ..
.......#gg....####..
.........Sg.........
.......#.(@.######..
..................##
>..................##
§....(...........†..#
.....#............<.#
...##............).#
.# #..............#
#..!...........#
##............##


You could see a gnoll bouda, 4 gnolls, an adder and an orc.

Vanquished Creatures
  4 adders
  A dart slug (D:1)
  2 orcs (D:4)
  9 endoplasms
  4 giant cockroaches (D:1)
  4 goblins
  A hobgoblin (D:1)
  10 jackals
  4 quokkas
  4 ball pythons
  4 bats
  A frilled lizard (D:1)
  3 kobolds (D:1)
  4 rats
55 creatures vanquished.

Notes
Turn   | Place    | Note
-------+----------+-------------------------------------------
     0 | D:1      | Iich the Demonspawn Fighter began the quest for the Orb.
     0 | D:1      | Reached XP level 1. HP: 18/18 MP: 1/1
   262 | D:1      | Gained mutation: You are partially covered in razor-sharp
                  | scales. (AC +1, Slay +1) [demonic ancestry]
   262 | D:1      | Reached XP level 2. HP: 23/24 MP: 2/2
   381 | D:1      | Reached skill level 1 in Dodging
   578 | D:1      | Gained mutation: You regenerate a little health from kills.
                  | [demonic ancestry]
   578 | D:1      | Reached XP level 3. HP: 27/29 MP: 3/3
   992 | D:2      | You are sucked into a shaft and drop 2 floors!
   994 | D:4      | Noticed an ogre
  1053 | D:3      | Gained mutation: You are mostly covered in razor-sharp
                  | scales. (AC +2, Slay +2) [demonic ancestry]
  1053 | D:3      | Reached XP level 4. HP: 35/35 MP: 4/4
  1255 | D:4      | Found a staircase to the Ecumenical Temple.
  1260 | D:4      | HP: 1/37 [gnoll/+1 spear of freezing[a gnoll bouda] (4)]
  1260 | D:4      | Slain by a gnoll

Illustrated notes

Levels and vault maps discovered:
D:1:      lemuel_arrival_behind_the_door_small, layout_basic
D:2:      layout_rooms, serial_bayou_pond_d
D:3:      layout_rooms
D:4:      layout_rooms, minmay_temple_entry_purple_smoke,
          nicolae_ossuary_entry_giza, nicolae_wormholes, uniq_pikel,
          uniq_sigmund

Skill      XL: |  1  2 |
---------------+-------+-----
Axes           | 2 |  2.5
Dodging        | 1 |  1.7
Armour         | 3 |  3.2
Fighting       | |  3.7
Shields        | |  2.6

Action                     |  1- 3 |  4- 6 || total
---------------------------+-------+-------++-------
  Melee: War axe           |    87 |    41 ||   128
    Use: Potion            |     2 |       ||     2
 Armour: Scale mail        |    37 |       ||    37
         Chain mail        |    31 |       ||    31
         Plate armour      |    21 |    67 ||    88
  Dodge: Dodged            |    43 |    29 ||    72
  Block: Buckler           |    17 |    19 ||    36

Table legend: (Time is in decaauts)
 A = Elapsed time spent in this place.
 B = Non-inter-level travel time spent in this place.
 C = Inter-level travel time spent in this place.
 D = Time resting spent in this place.
 E = Time spent auto-exploring this place.
 F = Levels seen in this place.
 G = Mean time per level.
                   A        B        C        D        E       F      G
               +--------+--------+--------+--------+--------+-----+--------+
         Total |   1314 |   1306 |      8 |      0 |    736 |   4 |  328.5 |
       Dungeon |   1314 |   1306 |      8 |      0 |    736 |   4 |  328.5 |
               +--------+--------+--------+--------+--------+-----+--------+

Top non-repeatable levels by time:
     D:1: 814 daAuts
     D:2: 210 daAuts
     D:3: 199 daAuts
     D:4: 90 daAuts
